[Event "Late-Titled-Tuesday-Blitz-April-30-2024"]
[Site "Chess.com"]
[Date "2024.04.30"]
[Round "3"]
[White "dealshark"]
[Black "toninhojit"]
[Result "0-1"]
[WhiteElo "2300"]
[BlackElo "2564"]
[TimeControl "180+1"]
[EndTime "14:29:29 PDT"]
[Termination "toninhojit won by resignation"]

1. e4 c5 2. c3 Nc6 3. d4 cxd4 4. cxd4 d5 5. exd5 Qxd5 6. Nf3 Bg4 7. Nc3 Qd6 8. d5 Ne5 9. Bb5+ Bd7 10. Bxd7+ Nxd7 11. O-O Ngf6 12. Nb5 Qb6 13. a4 a6 14. Be3 Qd8 15. Nc3 g6 16. Re1 Bg7 17. d6 e6 18. a5 O-O 19. Qd2 Rc8 20. Na4 Nd5 21. Bd4 Bxd4 22. Qxd4 Qxa5 23. Nc3 Qc5 24. Nxd5 Qxd5 25.
Qxd5 exd5 26. Re7 Rcd8 27. Rc1 b6 28. Rc6 Rfe8 29. h3 Rxe7 30. dxe7 Re8 31. Rd6 Rxe7 32. Rxd5 Nc5 33. Rd6 Re6 34. Rd8+ Kg7 35. Nd4 Re4 36. Rd6 b5 37. Nc6 Re2 38. b4 Ne4 39. Rd4 Re1+ 40. Kh2 Nxf2 41. Rd7 h5 42. Kg3 Ne4+ 43. Kf3 Ng5+ 44.
Kf2 Re6 45. Nb8 Ne4+ 46. Kf3 Nf6 47. Ra7 Nd5 48. Nxa6 g5 49. Nc7 Nxc7 50. Rxc7 Re5 51. Rc5 Rxc5 52. bxc5 Kf6 53. Ke4 Ke6 54. Kd4 f5 55. g3 h4 56. gxh4 gxh4 57. c6 b4 58. Kc5 b3 59. Kb6 b2 60. c7 b1=Q+ 61. Ka7 Qc2 62. Ka8 f4 63. c8=Q+ Qxc8+ 0-1

[Event "Late-Titled-Tuesday-Blitz-April-30-2024"]
[Site "Chess.com"]
[Date "2024.04.30"]
[Round "3"]
[White "arenal72"]
[Black "Blampman"]
[Result "1-0"]
[WhiteElo "2627"]
[BlackElo "2429"]
[TimeControl "180+1"]
[EndTime "14:29:32 PDT"]
[Termination "arenal72 won by resignation"]

1. Nf3 Nf6 2. g3 g6 3. Bg2 Bg7 4. O-O O-O 5. d3 d6 6. c4 c5 7. Nc3 Nc6 8. h3 Rb8 9. Bg5 a6 10.
a4 Bd7 11. Re1 h6 12. Bd2 Qc8 13. Kh2 Nd4 14. e3 Nxf3+ 15. Qxf3 Bc6 16. Qe2 Bxg2 17. Kxg2 Qc6+ 18. Qf3 Nd7 19. Nd5 Rfe8 20. Bc3 e6 21. Bxg7 Kxg7 22. Nc3 Ne5 23. Qxc6 bxc6 24. Ne4 Rxb2 25.
Rab1 Reb8 26. Rxb2 Rxb2 27. Rd1 d5 28. cxd5 cxd5 29. Nxc5 a5 30. Rc1 Ra2 31. Rb1 Rc2 32. d4 Nc4 33. Kg1 Ra2 34. Rb7 Kf6 35. h4 g5 36. hxg5+ hxg5 37. g4 Ra1+ 38. Kg2 Ra2 39. Kf3 Nd2+ 40. Kg3 Ne4+ 41. Nxe4+ dxe4 42. Rb5 Rxa4 43. Re5 Ra1 44. Rxe4 a4 45. Re5 a3 46. Ra5 a2 47. Kf3 Kg6 48. Ra7 f5 49. gxf5+ exf5 50. Ra6+ Kh5 51. Ra5 Kh4 52. d5 g4+ 53. Kf4 Kh3 54. d6 Rd1 55. Rxa2 Rxd6 56. Kxf5 Rd5+ 57. Kf4 Rd7 58. Ra5 Rf7+ 59. Rf5 Rh7 60. e4 Kg2 61. Kxg4 Rg7+ 62. Rg5 Rf7 63. f4 Kf2 64. e5 Ke3 65. f5 Ke4 66. e6 Rh7 67. f6 Rh1 68. f7 Rf1 69. e7 Rg1+ 70. Kh5 1-0

[Event "Late-Titled-Tuesday-Blitz-April-30-2024"]
[Site "Chess.com"]
[Date "2024.04.30"]
[Round "3"]
[White "GM_dmitrij"]
[Black "Goryachkina"]
[Result "1-0"]
[WhiteElo "2976"]
[BlackElo "2689"]
[TimeControl "180+1"]
[EndTime "14:29:35 PDT"]
[Termination "GM_dmitrij won on time"]

1. e4 e6 2. d4 d5 3. Nd2 Be7 4.
Ngf3 Nf6 5. e5 Nfd7 6. Bd3 c5 7. c3 Nc6 8. O-O a5 9. a4 g5 10. Qe2 g4 11. Ne1 h5 12. Qe3 Bg5 13. f4 gxf3 14. Qxf3 Qe7 15. Nc2 h4 16. h3 b6 17. Qg4 Rg8 18. Kh1 Qf8 19. Qh5 Qg7 20. Rf2 Bb7 21.
Nf3 Bxc1 22. Rxc1 O-O-O 23. Qxh4 Kb8 24. Na3 c4 25. Bf1 f6 26. exf6 Nxf6 27. Ng5 Qxg5 28.
Qxg5 Rxg5 29. Rxf6 Bc8 30. Nb5 Bd7 31. Be2 Ne7 32.
Bg4 Rg6 33. Rcf1 Rdg8 34. Rf7 Bxb5 35. axb5 Nc8 36. R7f6 Nd6 37. Bxe6 Rxf6 38. Rxf6 Re8 39. Bxd5 1-0

[Event "Late-Titled-Tuesday-Blitz-April-30-2024"]
[Site "Chess.com"]
[Date "2024.04.30"]
[Round "3"]
[White "Bykov_Egor"]
[Black "FredddieCroderg"]
[Result "0-1"]
[WhiteElo "2602"]
[BlackElo "2428"]
[TimeControl "180+1"]
[EndTime "14:29:35 PDT"]
[Termination "FredddieCroderg won by resignation"]

1. Nf3 Nc6 2. b3 e5 3. Bb2 e4 4. Nd4 d5 5. Nxc6 bxc6 6. e3 Nf6 7. c4 Bd6 8. Nc3 O-O 9. d3 Ng4 10. Be2 Qh4 11. Bxg4 Bxg4 12. Qc2 exd3 13. Qxd3 dxc4 14.
Qxc4 Qh5 15. h3 Be6 16. Qe2 Qg6 17. Qf3 Be5 18. O-O-O a5 19. Na4 Bd5 20. Qg4 Bxb2+ 21. Nxb2 Qf6 22. Rd2 a4 23. Qd4 axb3 24. a4 Qe7 25. Kb1 Qa3 26. Nd3 Rxa4 27. Qb2 Rfa8 28. Qxa3 Rxa3 29. Kb2 Ra2+ 30. Kc3 Rxd2 31. Kxd2 Ra2+ 32.
Kc3 Rc2+ 33. Kb4 Rd2 34. Nf4 Rxf2 35. Ra1 g5 36. Nh5 Kf8 37. Kc3 Rxg2 38. e4 Be6 39.
Nf6 Kg7 40. Nh5+ Kg6 0-1

[Event "Late-Titled-Tuesday-Blitz-April-30-2024"]
[Site "Chess.com"]
[Date "2024.04.30"]
[Round "3"]
[White "falzehope0"]
[Black "merinasian"]
[Result "1-0"]
[WhiteElo "2425"]
[BlackElo "2600"]
[TimeControl "180+1"]
[EndTime "14:29:36 PDT"]
[Termination "falzehope0 won by resignation"]

1. d4 d6 2. e3 Nd7 3. f4 g6 4.
Bd3 Bg7 5. Nf3 e5 6. O-O Qe7 7. Bc4 Ngf6 8. c3 O-O 9. Na3 e4 10. Ng5 d5 11. Bb3 c6 12. Nh3 Ne8 13. Nf2 Nd6 14. Qe2 b5 15. Nc2 a6 16. Ne1 f5 17.
Kh1 h6 18. g4 fxg4 19. Nxg4 Nf5 20. Ng2 Kh7 21. Bd2 h5 22. Ne5 Nxe5 23. fxe5 Nh6 24.
Rxf8 Bxf8 25. Rf1 Bg4 26. Qe1 Bf3 27. Bd1 Bxd1 28. Qxd1 Bg7 29. Nf4 Rf8 30. Rg1 Ng4 31. Qe2 Qh4 32. Rg3 g5 33. Ne6 Rf2 34. Qxf2 Nxf2+ 35. Kg2 Ng4 36. h3 Nf6 37. Nxg5+ Kg8 38. exf6 Kh8 39.
fxg7+ Kg8 40. Be1 b4 41. cxb4 a5 42. bxa5 1-0

[Event "Late-Titled-Tuesday-Blitz-April-30-2024"]
[Site "Chess.com"]
[Date "2024.04.30"]
[Round "3"]
[White "Hirna2005"]
[Black "Statham_01"]
[Result "0-1"]
[WhiteElo "2353"]
[BlackElo "2587"]
[TimeControl "180+1"]
[EndTime "14:29:36 PDT"]
[Termination "Statham_01 won by resignation"]

1. e4 e5 2. Nf3 Nc6 3. Bc4 Bc5 4. c3 Nf6 5. d3 d6 6. a4 a5 7. Na3 Be6 8. O-O Bxa3 9. Bxe6 fxe6 10. Rxa3 O-O 11.
Qb3 Qd7 12. Be3 Rab8 13. Re1 h6 14. Raa1 Qf7 15. Rad1 Ne7 16. d4 Nxe4 17. dxe5 d5 18. c4 c6 19. Ba7 Rbe8 20. Qxb7 Qh5 21. cxd5 cxd5 22. Rd3 Ng6 23. Rxe4 dxe4 24. Rd7 Re7 25. Rxe7 Nxe7 26. Qxe7 exf3 27. Qxe6+ Kh8 28. gxf3 Qxf3 29.
Be3 Qd1+ 30. Kg2 Qxa4 31. Bxh6 Qe4+ 32. Kg1 Qb1+ 33. Kg2 Qe4+ 34. Kf1 Qd3+ 35. Ke1 gxh6 36. Qxh6+ Kg8 37. Qg5+ Kf7 38. Qf6+ Ke8 39. Qc6+ Ke7 40.
Qc5+ Ke8 41. Qc6+ Qd7 42. Qa8+ Ke7 43. Qxa5 Rd8 44. Kf1 Qd1+ 45. Kg2 Qg4+ 46. Kf1 Rd1+ 0-1

[Event "Late-Titled-Tuesday-Blitz-April-30-2024"]
[Site "Chess.com"]
[Date "2024.04.30"]
[Round "3"]
[White "imdvb6307"]
[Black "Mugiwara2b"]
[Result "1-0"]
[WhiteElo "2538"]
[BlackElo "2605"]
[TimeControl "180+1"]
[EndTime "14:29:38 PDT"]
[Termination "imdvb6307 won by resignation"]

1. d4 c5 2. dxc5 e6 3. Nc3 Bxc5 4. Ne4 Be7 5. Nd6+ Bxd6 6. Qxd6 Nc6 7. Bd2 Qe7 8. Bf4 e5 9. Qxe7+ Ngxe7 10. Bd2 d5 11. e3 Be6 12. Nf3 f6 13. O-O-O O-O 14.
Kb1 Rfd8 15. Be2 Rac8 16. Rhg1 a6 17. g4 b5 18. g5 f5 19. h4 e4 20. Nd4 Nxd4 21.
exd4 Rc6 22. Rde1 Rdc8 23. Bd1 Rf8 24. Bb4 Rf7 25. h5 g6 26. Bxe7 Rxe7 27. f4 Bf7 28. hxg6 Bxg6 29. Re3 Kf7 30. Rh1 Ke6 31. Bh5 Rec7 32.
Re2 Kf7 33. Bxg6+ hxg6 34. Rh6 Kf8 35. Rh8+ Kg7 36. Reh2 Kf7 37. R2h7+ Ke6 38. Re8+ Kd6 39. Rxc7 Kxc7 40. Re7+ Kb6 41. Kc1 a5 42. Kd2 b4 43.
Rd7 e3+ 44. Kd3 Rxc2 45. Kxc2 Kc6 46. Re7 1-0

[Event "Late-Titled-Tuesday-Blitz-April-30-2024"]
[Site "Chess.com"]
[Date "2024.04.30"]
[Round "3"]
[White "WoodlandMagic"]
[Black "kinga2008"]
[Result "1-0"]
[WhiteElo "2866"]
[BlackElo "2510"]
[TimeControl "180+1"]
[EndTime "14:29:39 PDT"]
[Termination "WoodlandMagic won by resignation"]

1. e4 c5 2. Nf3 Nc6 3. Bb5 g6 4.
Bxc6 bxc6 5. O-O Bg7 6. Re1 e5 7. c3 Ne7 8. d4 cxd4 9. cxd4 exd4 10. Nxd4 O-O 11. Nc3 Bb7 12. Bg5 h6 13. Bh4 Re8 14. Nb3 d6 15. Qd2 g5 16. Bg3 Be5 17. Bxe5 dxe5 18. Qe3 Qb6 19. Nc5 Ng6 20. Rad1 Rad8 21.
a3 Bc8 22. b4 Nf4 23. g3 Ne6 24. N3a4 Qc7 25. Nxe6 Bxe6 26. Nc5 Bh3 27. f3 Rxd1 28. Rxd1 Rd8 29. Rxd8+ Qxd8 30. Qd3 Qf6 31. Kf2 g4 32. Nd7 Qe6 33. Nc5 Qa2+ 34. Qe2 Qxa3 35. Nd3 gxf3 36. Qxf3 Qa2+ 37. Ke3 Qe6 38. Qh5 f5 39. Nc5 f4+ 40. gxf4 exf4+ 41. Kxf4 Qf6+ 42. Kg3 Bc8 43. Qe8+ Qf8 44.
Qxc6 Qe8 45. Qxe8+ 1-0

[Event "Late-Titled-Tuesday-Blitz-April-30-2024"]
[Site "Chess.com"]
[Date "2024.04.30"]
[Round "3"]
[White "EsmeraldasAnderson03"]
[Black "rionelG"]
[Result "1-0"]
[WhiteElo "2516"]
[BlackElo "2280"]
[TimeControl "180+1"]
[EndTime "14:29:39 PDT"]
[Termination "EsmeraldasAnderson03 won on time"]

1. d4 Nf6 2. c4 g6 3. Nc3 Bg7 4. e4 O-O 5. Be2 d6 6. Be3 e5 7. d5 Na6 8. g4 Nc5 9. f3 Ne8 10. h4 f5 11. gxf5 gxf5 12. Qd2 f4 13. Bf2 Nf6 14. h5 h6 15. O-O-O Nh7 16. Bh4 Bf6 17. Bf2 Kh8 18. Nh3 Rg8 19. Rdg1 Rxg1+ 20. Bxg1 Bd7 21.
Bf1 Qe7 22. Nf2 Rg8 23. Bh3 Rg3 24. Qe2 Qg7 25. Ng4 Ng5 26. Bxc5 dxc5 27. Nxf6 Bxh3 28. Ng4 Bg2 29. Rg1 Bxf3 30. Qf2 Bxg4 31. Rxg3 fxg3 32. Qxg3 Bxh5 33. Qe3 b6 34. a3 Qf6 35. b4 cxb4 36. axb4 Qf1+ 37. Kb2 Qxc4 38. b5 Bg6 39. Qg3 Qd4 40. Qg4 Nxe4 41. Qc8+ Kg7 42. Qxc7+ Kf6 43. Qd8+ Kf5 44. Qf8+ Kg4 45. Qc8+ Kg3 46. d6 Nxc3 47.
d7 Nxb5+ 48. Kb3 Qd3+ 49. Kb4 a5+ 50. Ka4 1-0

[Event "Late-Titled-Tuesday-Blitz-April-30-2024"]
[Site "Chess.com"]
[Date "2024.04.30"]
[Round "3"]
[White "Harsha_Bharathakoti"]
[Black "The_Straightforward_Rook"]
[Result "1-0"]
[WhiteElo "2905"]
[BlackElo "2515"]
[TimeControl "180+1"]
[EndTime "14:29:40 PDT"]
[Termination "Harsha_Bharathakoti won by checkmate"]

1. Nf3 d5 2. g3 Nf6 3. Bg2 e6 4. O-O c5 5. c4 d4 6. e3 Nc6 7. exd4 cxd4 8. d3 Bd6 9. Bg5 h6 10. Bxf6 Qxf6 11. a3 a5 12. Nbd2 Qd8 13. Rc1 O-O 14. Re1 e5 15. c5 Bc7 16. Nc4 Re8 17.
Nfd2 Bf5 18. Ne4 Rb8 19. Ned6 Qd7 20. Nxe8 Rxe8 21. Qb3 Rb8 22. Qb5 Be6 23. b4 axb4 24.
axb4 Bd5 25. Nb6 Bxb6 26. Bxd5 Qxd5 27. Qxb6 f5 28. Qc7 Re8 29. Qxb7 Rb8 30. Rxe5 Qxe5 31.
Qxc6 Rxb4 32. Qa8+ Kh7 33. c6 Rb8 34. Qa7 Rc8 35.
c7 f4 36. Qb7 Qf5 37. Kg2 fxg3 38. hxg3 Rf8 39. Qe4 Qxe4+ 40. dxe4 Rc8 41. Kf3 Kg6 42. Ke2 Kf6 43. Kd3 Ke5 44. f4+ Kd6 45. Kxd4 g5 46. e5+ Ke6 47. Ke4 gxf4 48. gxf4 h5 49. f5+ Kd7 50.
f6 Ke6 51. Rc6+ Kd7 52. Kd5 h4 53.
e6+ Ke8 54. Kd6 h3 55. Rc3 Kf8 56. Rxh3 Kg8 57. Kd7 Re8 58. c8=Q Rf8 59. Rh8+ Kxh8 60. Qxf8+ Kh7 61. Qg7# 1-0

[Event "Late-Titled-Tuesday-Blitz-April-30-2024"]
[Site "Chess.com"]
[Date "2024.04.30"]
[Round "3"]
[White "PawnEatingZombie"]
[Black "vanyakuba"]
[Result "1-0"]
[WhiteElo "2211"]
[BlackElo "2410"]
[TimeControl "180+1"]
[EndTime "14:29:40 PDT"]
[Termination "PawnEatingZombie won by resignation"]

1. e4 d5 2. exd5 Qxd5 3. Nc3 Qa5 4. Bc4 Nf6 5. d3 Bg4 6. f3 Bd7 7. Bd2 Qb6 8. Qe2 e6 9. O-O-O c5 10. f4 Nc6 11. Nf3 Nd4 12. Nxd4 cxd4 13. Nd5 Nxd5 14. Bxd5 Be7 15. Rde1 O-O 16. Bb3 Bc5 17. f5 exf5 18. g4 a5 19. gxf5 Bxf5 20. Rhg1 Bg6 21. h4 h5 22. Qg2 Kh7 23. Re6 Ra6 24. Rxb6 Rxb6 25. Bxa5 Rf6 26. Bd2 Re8 27. a3 Bd6 28. Bg5 Rf5 29. Kb1 Bf4 30. Bxf4 Rxf4 31. Ka2 Rf6 32. Qxb7 Rd6 33. Bxf7 Bxf7+ 34. Qxf7 Rdd8 35. Qxh5+ Kg8 36. Qg6 Re7 37. h5 Rdd7 38. h6 Kh8 39. hxg7+ Rxg7 40. Qxg7+ Rxg7 41. Rxg7 Kxg7 42. a4 Kf6 43. b4 Ke5 44. Kb3 Kd6 45. Kc4 Ke5 46. a5 1-0

[Event "Late-Titled-Tuesday-Blitz-April-30-2024"]
[Site "Chess.com"]
[Date "2024.04.30"]
[Round "3"]
[White "moro182"]
[Black "CrushingKings"]
[Result "1-0"]
[WhiteElo "2897"]
[BlackElo "2613"]
[TimeControl "180+1"]
[EndTime "14:29:41 PDT"]
[Termination "moro182 won on time"]

1. d4 g6 2. e4 Bg7 3. Nc3 c6 4. h3 d5 5. e5 f6 6. f4 Nh6 7. Be3 Nf5 8. Bf2 fxe5 9. dxe5 O-O 10. Qd2 e6 11. g4 Nh4 12. O-O-O g5 13. Bxh4 gxh4 14.
Nf3 c5 15. Bd3 Nc6 16. Ng5 h6 17. Nh7 c4 18. Bg6 Ne7 19. Nxf8 Qxf8 20. Bh5 Bd7 21. Rhg1 b5 22. g5 Kh8 23. Ne4 Nf5 24. Nf6 Bc8 25.
Bg4 Ng3 26. c3 b4 27. Qc2 Bxf6 28. exf6 Qf7 29. cxb4 a5 30. b5 Bb7 31. Qc3 h5 32. Bf3 Rd8 33. Qe5 Qg6 34. Rd2 d4 35. Bxb7 d3 36.
f5 exf5 37. f7+ Kh7 38. Qe7 Rd6 39. f8=Q+ 1-0

[Event "Late-Titled-Tuesday-Blitz-April-30-2024"]
[Site "Chess.com"]
[Date "2024.04.30"]
[Round "3"]
[White "djano"]
[Black "Kopytkin"]
[Result "1-0"]
[WhiteElo "2622"]
[BlackElo "2428"]
[TimeControl "180+1"]
[EndTime "14:29:41 PDT"]
[Termination "djano won on time"]

1. e4 Nf6 2. e5 Nd5 3. Nf3 d6 4. d4 g6 5. Be2 Bg7 6. h3 O-O 7. O-O Nc6 8. exd6 cxd6 9. Re1 e5 10.
dxe5 dxe5 11. Bg5 f6 12. Bc1 Be6 13. Nbd2 Nf4 14. Bf1 Qd7 15. Kh2 Rfd8 16. c3 Nd3 17. Bxd3 Qxd3 18. Qa4 Rd7 19. Nb3 Qc4 20. Qxc4 Bxc4 21.
Nc5 Rc7 22. Be3 b6 23. Ne4 Rd7 24. Nfd2 Bf7 25. Nf1 Rad8 26. f3 Bc4 27. Nfd2 Bf7 28. Nb3 h6 29. Bf2 f5 30. Ned2 Rxd2 31. Nxd2 Rxd2 32.
Be3 Rxb2 33. Reb1 Re2 34. Re1 Rxe1 35. Rxe1 Kf8 36. a4 Ke7 37. Ra1 Na5 38. g4 f4 39. Bf2 Bd5 40. Kg2 e4 41. fxe4 Bxe4+ 42. Kh2 Bd5 43. Rd1 Ke6 44. Re1+ Kd7 45. Rd1 Kd6 46. h4 g5 47. hxg5 hxg5 48. Be1 Be5 49. Kh3 Nc4 50. Rd3 Ne3 51. Bf2 Nc4 52. Rd1 Ke6 53. Re1 Kf6 54. Rc1 Ne3 55. a5 Nc4 56. a6 b5 57. Bxa7 Bc6 58. Bb6 f3 59. Bf2 Nd2 60.
Rd1 Ne4 61. Bb6 f2 62. Rf1 Bxc3 63. Rc1 Be5 64. Rxc6+ Ke7 65. Rc1 Nd2 66. Bxf2 Ne4 67. Kg2 Bf4 68. Re1 Kf6 69. Rxe4 1-0

[Event "Late-Titled-Tuesday-Blitz-April-30-2024"]
[Site "Chess.com"]
[Date "2024.04.30"]
[Round "3"]
[White "AlainBruxelles"]
[Black "NajdorfPlayerc5"]
[Result "0-1"]
[WhiteElo "2239"]
[BlackElo "2466"]
[TimeControl "180+1"]
[EndTime "14:29:41 PDT"]
[Termination "NajdorfPlayerc5 won by resignation"]

1. e4 c6 2. d4 d5 3. exd5 cxd5 4. c4 Nf6 5. Nc3 e6 6. Bg5 Be7 7. Nf3 O-O 8. Bd3 dxc4 9. Bxc4 Nc6 10. O-O b6 11.
Rc1 Bb7 12. a3 Rc8 13. Ba2 Nh5 14. Bxe7 Nxe7 15. Ne5 Nf4 16. f3 Nf5 17. g3 Ne3 18. Qd2 Nh3+ 19. Kh1 Nxf1 20. Rxf1 Qf6 21. Bb1 Ng5 22.
Kg2 Qh6 23. h4 Nxf3 24. Qxh6 Nxe5+ 25. Kh3 gxh6 26. dxe5 Kg7 27. Rf4 Rc5 28. Rg4+ Kh8 29. Be4 Bxe4 30. Rxe4 f5 31. exf6 Rxf6 32. Rd4 Kg7 33.
Ne4 Rd5 34. Rxd5 exd5 35. Nxf6 Kxf6 36. Kg4 Ke5 37. Kf3 h5 38. Ke3 d4+ 39. Kd3 Kd5 40. b4 b5 0-1

[Event "Late-Titled-Tuesday-Blitz-April-30-2024"]
[Site "Chess.com"]
[Date "2024.04.30"]
[Round "3"]
[White "Andrii_Prydun"]
[Black "anasta10"]
[Result "0-1"]
[WhiteElo "2368"]
[BlackElo "2599"]
[TimeControl "180+1"]
[EndTime "14:29:42 PDT"]
[Termination "anasta10 won on time"]

1. e4 g6 2. d4 Bg7 3. Ne2 c5 4. c3 cxd4 5. cxd4 d5 6. e5 Nc6 7. Nbc3 Nh6 8. h3 f6 9. f4 O-O 10. g4 Nf7 11. Be3 e6 12. Bg2 fxe5 13. fxe5 Qh4+ 14. Bf2 Qe7 15. h4 Nh6 16. Ng3 Qb4 17. Rb1 Bd7 18. a3 Qb6 19. Na4 Qa5+ 20. b4 Qc7 21. Nc5 b6 22. Nb3 a5 23. b5 Nxe5 24. Rc1 Nc4 25. Nd2 Rac8 26. Nxc4 dxc4 27. d5 Qe5+ 28. Qe2 Qxe2+ 29. Kxe2 Nxg4 30. Bxb6 Bxb5 31. dxe6 c3+ 32. Ke1 Rfe8 33. Bd5 Bc4 34. Bxc4 Rxc4 35. Kd1 Rxe6 36. Ba7 a4 37. Rc2 Ra6 38. Bg1 Ra8 39. h5 Rb8 40. hxg6 hxg6 41. Ne2 Rb1+ 42. Rc1 c2+ 43.
Ke1 Rxc1+ 44. Nxc1 Bh6 45. Rxh6 Nxh6 46. Kd2 Nf5 0-1

[Event "Late-Titled-Tuesday-Blitz-April-30-2024"]
[Site "Chess.com"]
[Date "2024.04.30"]
[Round "3"]
[White "sansanathalia"]
[Black "miraitrunks"]
[Result "0-1"]
[WhiteElo "2421"]
[BlackElo "2248"]
[TimeControl "180+1"]
[EndTime "14:29:42 PDT"]
[Termination "miraitrunks won by resignation"]

1. d4 d6 2. e3 Nf6 3. Bd3 g6 4. Nf3 Bg7 5. O-O O-O 6. b3 Nbd7 7. Bb2 c5 8. Nbd2 b6 9. c4 Bb7 10. Rc1 Re8 11. Qc2 e5 12. dxe5 dxe5 13. Ne4 Nxe4 14. Bxe4 Qc7 15. Bxb7 Qxb7 16. Rfd1 Rad8 17. Rd5 e4 18.
Nd2 f5 19. Nf1 Nf6 20. Rxd8 Rxd8 21. Rd1 Qc7 22. Ng3 h5 23. h3 h4 24. Ne2 Kf7 25. Nf4 Nh5 26. Rxd8 Qxd8 27. Nxh5 Bxb2 28. Nf4 Be5 29.
Nd5 g5 30. a3 Bb8 31. Kf1 Qd6 32. Qd1 Kg6 33. Ke2 f4 34. exf4 gxf4 35. Kf1 f3 36. gxf3 Qh2 37. fxe4 Qxh3+ 38. Ke2 Qg2 39. Ne3 Qxe4 40. Qg1+ Kf7 41. Qd1 Ke7 42. Ke1 h3 43. Qh5 h2 44. Qg5+ Ke8 45. Qg8+ Ke7 46. Qg7+ Ke8 47. Qg8+ Kd7 48. Qg7+ Kc8 49. Qg8+ Kb7 50. Qg7+ Ka8 0-1

[Event "Late-Titled-Tuesday-Blitz-April-30-2024"]
[Site "Chess.com"]
[Date "2024.04.30"]
[Round "3"]
[White "db-banana"]
[Black "LeninGuerra"]
[Result "0-1"]
[WhiteElo "2469"]
[BlackElo "2666"]
[TimeControl "180+1"]
[EndTime "14:29:43 PDT"]
[Termination "LeninGuerra won by resignation"]

1. e4 c5 2. Nf3 e6 3. g3 b6 4. Bg2 Bb7 5. d3 a6 6. O-O d6 7. c3 Nd7 8. Re1 Ngf6 9. Nbd2 Qc7 10. d4 cxd4 11. cxd4 Rc8 12. Qe2 Be7 13. b3 Qb8 14.
Bb2 h5 15. h4 Ng4 16. d5 e5 17. Ng5 Rc2 18. Rab1 Qd8 19. Qd3 Rc8 20. f4 b5 21.
Nh3 exf4 22. Nxf4 Nde5 23. Qd4 Bxh4 24. gxh4 Qxh4 25. Nh3 Qg3 26. Nf1 Nf3+ 27. Kh1 Qh4 28. Qxg7 Nxe1 29. Qxh8+ Ke7 30. Qd4 Nxg2 31. Kxg2 Rc2+ 32. Nd2 Bc8 33. e5 dxe5 34. d6+ Ke8 35. Qd3 Bb7+ 36. Kg1 Rxd2 37. d7+ Kd8 38. Qxd2 Qg3+ 39.
Kf1 Qxh3+ 40. Ke1 Qh1+ 41. Ke2 Qe4+ 42. Kd1 Qxb1+ 43. Ke2 Qe4+ 44. Kf1 Qf3+ 45. Ke1 Ne3 46. Qd3 Ng2+ 47. Kd2 Qxd3+ 48. Kxd3 f6 49. Bxe5 0-1

[Event "Late-Titled-Tuesday-Blitz-April-30-2024"]
[Site "Chess.com"]
[Date "2024.04.30"]
[Round "3"]
[White "ChEsper99"]
[Black "Hudijegszid"]
[Result "0-1"]
[WhiteElo "2235"]
[BlackElo "2451"]
[TimeControl "180+1"]
[EndTime "14:29:43 PDT"]
[Termination "Hudijegszid won on time"]

1. Nf3 d5 2. g3 b6 3. d4 Bb7 4. Bg2 e6 5. O-O Nd7 6. b3 Ngf6 7. c4 Be7 8. Ba3 O-O 9. Bxe7 Qxe7 10. Ne5 Nxe5 11.
dxe5 Nd7 12. cxd5 exd5 13. Bxd5 Bxd5 14. Qxd5 Nxe5 15. Nc3 Rad8 16. Qe4 f5 17. Qc2 f4 18. Rad1 f3 19. exf3 Nxf3+ 20. Kg2 Rxd1 21. Rxd1 Ne1+ 22. Rxe1 Qxe1 23. Nd5 c5 24. Nf4 Qe7 25. h4 Re8 26. Qc4+ Qf7 27. Qb5 Rd8 28. a4 Kh8 29. h5 g5 30.
hxg6 hxg6 31. Qc6 Kh7 32. a5 Rb8 33. Ne6 Qb7 34. Ng5+ Kg7 35. Ne6+ Kf6 36. Qxb7 Rxb7 0-1

[Event "Late-Titled-Tuesday-Blitz-April-30-2024"]
[Site "Chess.com"]
[Date "2024.04.30"]
[Round "3"]
[White "LukaRadovic0803"]
[Black "Sl4werThanYou"]
[Result "0-1"]
[WhiteElo "2501"]
[BlackElo "2798"]
[TimeControl "180+1"]
[EndTime "14:29:44 PDT"]
[Termination "Sl4werThanYou won by resignation"]

1. Nf3 d5 2. c4 e6 3. g3 Nf6 4.
b3 Be7 5. Bg2 O-O 6. Bb2 b6 7.
O-O Bb7 8. e3 c5 9. Nc3 Nc6 10.
Qe2 Qd7 11. cxd5 exd5 12. d4 cxd4 13. Nxd4 Nxd4 14. exd4 Bb4 15. Qb5 Qxb5 16. Nxb5 a6 17. a3 Bd2 18. Rfd1 Bh6 19. Nd6 Bc8 20. Nxc8 Rfxc8 21. a4 Rc2 22. Ba3 Rac8 23. Bf1 a5 24. b4 Ne4 25. f3 Nc3 26. Re1 Nxa4 27. bxa5 bxa5 28. f4 Nc3 29. Bc5 a4 30. Bd3 Rd2 31. Re3 g6 32. Rae1 Bf8 33. Re8 Rxc5 34. dxc5 Rxd3 35.
c6 Nb5 36. Rb8 Nd6 37. Rc1 a3 38. c7 a2 39. Rc8 Nxc8 0-1

[Event "Late-Titled-Tuesday-Blitz-April-30-2024"]
[Site "Chess.com"]
[Date "2024.04.30"]
[Round "3"]
[White "LyonBeast"]
[Black "DeTimmerman"]
[Result "1-0"]
[WhiteElo "3120"]
[BlackElo "2780"]
[TimeControl "180+1"]
[EndTime "14:29:46 PDT"]
[Termination "LyonBeast won by resignation"]

1. d4 Nf6 2. Bf4 e6 3. e3 d5 4. Nf3 Bd6 5. Ne5 O-O 6. c3 b6 7. h4 Bb7 8. h5 Nfd7 9. Bd3 f6 10.
Ng6 Re8 11. Bxd6 cxd6 12. Nd2 f5 13. Nf4 e5 14. Ne2 Qf6 15. Qb3 Kh8 16. O-O-O Na6 17.
Qa3 Nc7 18. Bc2 a5 19. Ng3 e4 20. Ne2 b5 21. Nf4 Nb6 22. Kb1 Reb8 23. b3 Bc6 24.
Qb2 Nc4 25. Nxc4 bxc4 26. Ka1 Rb7 27. Rb1 Rab8 28. Qc1 Nb5 29. bxc4 dxc4 30. Bd1 d5 31. Ba4 Qd6 32. Bxb5 Rxb5 33. Rxb5 Rxb5 34. Qc2 Kg8 35.
Rb1 g5 36. hxg6 hxg6 37. Rxb5 Bxb5 38. Qb2 Qc6 39. Qa3 g5 40. Nh3 g4 41. Nf4 Qh6 42.
Qxa5 Bc6 43. Qd8+ Kf7 44. Qc7+ Ke8 45. Kb2 Bd7 46. Nxd5 Qa6 47. Qe5+ Kf7 48. Qe7+ Kg6 49. Qxd7 Qb5+ 50. Qxb5 1-0

[Event "Late-Titled-Tuesday-Blitz-April-30-2024"]
[Site "Chess.com"]
[Date "2024.04.30"]
[Round "3"]
[White "superchess02"]
[Black "ozates"]
[Result "1-0"]
[WhiteElo "2859"]
[BlackElo "2594"]
[TimeControl "180+1"]
[EndTime "14:29:48 PDT"]
[Termination "superchess02 won on time"]

1. d4 Nf6 2. c4 e6 3. Nc3 d5 4.
Bg5 Nbd7 5. e3 c6 6. Nf3 Qa5 7. cxd5 Nxd5 8. Rc1 Nxc3 9. bxc3 Ba3 10. Rc2 O-O 11. Be2 Re8 12. O-O b6 13. Qd3 e5 14.
e4 Bf8 15. Bd2 Qa4 16. Rb2 c5 17. d5 Nf6 18. c4 Ba6 19. Bc3 Bd6 20. Nh4 Bc8 21. Bd1 Qd7 22. Re2 a6 23. f4 b5 24.
fxe5 Bxe5 25. Bxe5 Rxe5 26. Qg3 Qe7 27. Ref2 Kh8 28. Bc2 Bd7 29. Nf3 Rxe4 30. Bxe4 Nxe4 31. Re1 bxc4 32. Qf4 f5 33. Nd2 g5 34. Qe3 Re8 35.
Nxe4 fxe4 36. Qc3+ Qe5 37. Qxc4 e3 38. Rf3 e2 39. Qxc5 Bb5 40. Qc3 g4 41. Re3 Qxc3 42. Rxc3 Rd8 43. Rc5 Rd6 44. a4 Bd3 45. Kf2 1-0

[Event "Late-Titled-Tuesday-Blitz-April-30-2024"]
[Site "Chess.com"]
[Date "2024.04.30"]
[Round "3"]
[White "annasargsyan_m"]
[Black "picturesquecheck"]
[Result "0-1"]
[WhiteElo "2600"]
[BlackElo "2426"]
[TimeControl "180+1"]
[EndTime "14:29:48 PDT"]
[Termination "picturesquecheck won by resignation"]

1. d4 Nf6 2. c4 e6 3. Nf3 b6 4.
g3 Bb7 5. Bg2 Be7 6. O-O O-O 7.
d5 exd5 8. Nh4 c6 9. cxd5 cxd5 10.
Nc3 Re8 11. Nf5 Bf8 12. Bg5 h6 13. Bf4 Na6 14. Re1 Bb4 15. Qd4 Bc5 16. Qd2 Nc7 17. e3 Ne6 18. Nxd5 Bxd5 19. Bxd5 Nxd5 20. Qxd5 Qf6 21. b3 Nxf4 22. exf4 Qb2 23. Qf3 d5 24. Reb1 Qf6 25. Qg4 Rad8 26. Re1 Kh7 27. Kg2 g6 28. Nh4 Qb2 29. Qf3 Re4 30. f5 g5 31. f6 Qxf2+ 32. Qxf2 Bxf2 33. Kxf2 gxh4 34. Rxe4 dxe4 35. gxh4 Rd2+ 36. Ke3 Rxh2 37. Rg1 Rh3+ 38. Kxe4 Rxh4+ 39. Ke5 Rh5+ 40. Kd6 Rg5 41. Rf1 Kg6 42. Ke7 h5 43. b4 Rg4 44. b5 h4 45. Rf3 Rg3 46. Rf4 h3 47. Rh4 Re3+ 48. Kd6 Kxf6 49. a4 Kg5 50.
Rh8 f5 51. Kc6 Kg6 52. Kb7 Re7+ 53. Ka6 Rh7 54. Rg8+ Kf6 55. Rf8+ Ke5 56. Re8+ Kf4 0-1